Unix NetHack Version 3.7.0-120 Work-in-progress - last build Mar 1 2025 23:15:04 (ace461279d0d575f4e54deaa0937dc7cdc7ed3db,branch:master). Game began 2025-03-06 11:55:41, ended 2025-03-06 12:01:37. FakeNameHere, lawful female human Knight -------- -......--- .).---...------.... -)-- ---............ |)| -----------..| --.| --.| ---...| |.| |..))-- |.| |..... |.| ... |.|--- ... |.|..| ... |....-- .^. ......| .--- .-. ..--.| ....-- --.-- ......| |.(..----- .@....| --....`.<. --...-- |....`--- --..| ---.-- --- FakeNameHere the Gallant St:14 Dx:8 Co:14 In:7 Wi:16 Ch:17 Lawful S:10032 Dlvl:4 $:28 HP:0(16) Pw:4(4) AC:3 Xp:1/1 T:878 Latest messages: This fortune cookie is delicious! This cookie has a scrap of paper inside. It reads: A ring of dungeon master control is a great find. You hear crashing rock. You are almost hit by a crossbow bolt. You are hit by a crossbow bolt. You hear crashing rock. You swap places with your saddled pony. The saddled pony misses it. The saddled pony misses it. The saddled pony hits it. You hear some noises. The saddled pony picks up a crossbow. The saddled pony hits it. The saddled pony misses it. The saddled pony hits it. The saddled pony drops a crossbow. n - a violet gem. You see here 5 daggers. You hit the gnome. The gnome swings her crossbow. The gnome hits! The saddled pony hits it. There is a gnome corpse here; eat it? [ynq] (n) y This gnome corpse tastes okay. The saddled pony drops a dagger. The saddled pony picks up a dagger. The saddled pony drops a dagger. You finish eating the gnome corpse. You see here a dagger. The saddled pony misses it. The saddled pony bites it. It misses the saddled pony. You hear some noises. You swap places with your saddled pony. You materialize in a different location! You hear crashing rock. The gnome zaps a steel wand! The wand misses you. The gnome zaps a steel wand! The wand hits you! You hear a nearby zap. The wand hits you! You die... Do you want your possessions identified? [ynq] (y) n Do you want to see your attributes? [ynq] (y) y Do you want an account of creatures vanquished? [ynaq] (y) y Do you want to see your conduct and achievements? [ynq] (y) y Do you want to see the dungeon overview? [ynq] (y) y Inventory: Coins ('$') $ - 28 gold pieces Weapons (')') a - a +1 long sword (weapon in right hand) Armor ('[') d - an uncursed +0 helmet (being worn) f - an uncursed +0 pair of leather gloves (being worn) e - an uncursed +0 small shield (being worn) l - an uncursed +0 T-shirt with text "I am not a pack rat - I am a collector" c - an uncursed +1 ring mail (being worn) Comestibles ('%') g - 13 uncursed apples h - 11 uncursed carrots k - 2 uncursed food rations i - an uncursed melon m - an uncursed orange Gems/Stones ('*') n - an uncursed worthless piece of violet glass j - an uncursed worthless piece of white glass FakeNameHere the Knight's attributes: Background: You were a Gallant, a level 1 female human Knight. You were lawful, on a mission for Lugh who was opposed by Brigit (neutral) and Manannan Mac Lir (chaotic). You were right-handed. You were in the Gnomish Mines, on level 4. You entered the dungeon 878 turns ago. You had 1 experience point, 19 more were needed to attain level 2. Your score was 10032 before end-of-game adjustments. Basics: You had 0 out of 16 hit points. You had all 4 energy points (spell power). Your armor class was 3. Your wallet contained 28 zorkmids. Autopickup was off. Final Characteristics: Your strength was 14 (limit:18/100). Your dexterity was 8 (limit:18). Your constitution was 14 (limit:18). Your intelligence was 7 (limit:18). Your wisdom was 16 (limit:18). Your charisma was 17 (limit:18). Final Status: You weren't hungry. You were unencumbered. You were wielding a long sword. You had basic skill with long sword. Final Attributes: You were fervently aligned. You could jump. You were warded. You could have avoided a one-shot death via saving-grace. You are dead. Miscellaneous: You never encountered a bones level. Total elapsed playing time was 5 minutes and 55 seconds. Major events: Turn 1: FakeNameHere the lawful female human Knight entered the dungeon 627: entered the Gnomish Mines 878: killed by a wand Vanquished creatures: a dwarf an acid blob 2 giant rats 9 gnomes 4 jackals a kobold a sewer rat 2 lichens 2 kobold zombies 5 newts 28 creatures vanquished. No species were genocided or became extinct. Voluntary challenges: You were an atheist. You read items or engraved 3 times. You engraved Elbereth 1 time. You never genocided any monsters. You never polymorphed an object. You never changed form. You used no wishes. Achievements: You entered a shop. You entered the Gnomish Mines. The Dungeons of Doom: levels 1 to 4 Level 1: A fountain. Level 2: "lance in chest" Level 3: An armor shop. Stairs down to The Gnomish Mines. Level 4: The Gnomish Mines: Level 4: <- You were here. Final resting place for you, killed by a wand. Game over: ---------- / \ / REST \ / IN \ / PEACE \ / \ | FakeNameHere | | 28 Au | | killed by a wand | | | | | | | | 2025 | *| * * * | * _________)/\\_//(\/(/\)/\//\/|_)_______ Fare thee well FakeNameHere the Knight... You died in The Gnomish Mines on dungeon level 4 with 180 points, and 28 pieces of gold, after 878 moves. You were level 1 with a maximum of 16 hit points when you died.